 Dungeon Crawl Stone Soup version 0.29-a0-982-gaed3a0c8d8 (webtiles) character file.

Game seed: 3053400709527619386

224 porpoise the Trooper (level 6, -6/51 HPs)
             Began as a Formicid Artificer on Aug 2, 2022.
             Mangled by Edmund
             ... wielding a +1 flail of protection
              (9 damage)
             ... on level 4 of the Dungeon.
             The game lasted 00:13:16 (4216 turns).

porpoise the Trooper (Formicid Artificer)           Turns: 4216, Time: 00:13:17

Health: -6/51      AC:  5    Str: 19    XL:     6   Next: 20%
Magic:  6/6        EV: 10    Int: 10    God:
Gold:   241        SH:  0    Dex: 14    Spells: 5/5 levels left

rFire   . . .      SeeInvis +   a - +1 whip (elec)
rCold   . . .      Faith    .   (no shield)
rNeg    . . .      Spirit   .   n - +0 ring mail
rPois   .          Reflect  .   (helmet unavailable)
rElec   .          Harm     .   (no cloak)
rCorr   .          Rampage  .   (no gloves)
Will    .....                   (no boots)
Stlth   +.........              (no amulet)
HPRegen 0.17/turn               (no ring)
MPRegen 0.10/turn               (no ring)

@: flying
A: permanent stasis, dig shafts and tunnels, antennae 3, four strong arms
a: Dig, Shaft Self


You were on level 4 of the Dungeon.
You visited 1 branch of the dungeon, and saw 4 of its levels.

You collected 241 gold pieces.

Inventory:

Hand Weapons
 a - a +1 whip of electrocution (weapon)
 b - a +0 sling
 w - a +2 dagger of speed
Missiles
 m - 2 throwing nets
 v - 4 javelins
 B - 5 curare-tipped darts
Armour
 n - a +0 ring mail (worn)
Jewellery
 f - an amulet of faith
 y - a ring of wizardry
 C - an amulet of guardian spirit
Wands
 c - a wand of flame (13) (quivered)
 d - a wand of charming (8)
 e - a wand of iceblast (8)
Scrolls
 g - a scroll of enchant armour {unknown}
 o - a scroll of magic mapping {unknown}
 p - 2 scrolls of identify {unknown}
 q - a scroll of silence {unknown}
 t - a scroll of noise {unknown}
 z - a scroll of vulnerability {unknown}
 A - 2 scrolls of immolation {unknown}
Potions
 h - a potion of might {unknown}
 i - a potion of lignification {unknown}
 j - a potion of curing
 l - a potion of magic
 r - 2 potions of flight
 s - a potion of degeneration {unknown}
 u - a potion of mutation {unknown}


   Skills:
 * Level 5.5 Fighting
 + Level 2.3 Maces & Flails
 - Level 2.1 Armour
 - Level 0.8 Dodging
 - Level 1.2 Stealth
 - Level 3.2 Evocations


You had 5 spell levels left.
You didn't know any spells.
Your spell library was empty.

Dungeon Overview and Level Annotations

Branches:
Dungeon (4/15)
 Temple: D:4-7

Altars:
Trog
Xom
Yredelemnul

Shops:
D:2 :

Annotations:
D:4 Edmund


Innate Abilities, Weirdness & Mutations

You cannot be hasted, slowed, berserked, paralysed or teleported.
You can dig through walls and to a lower floor.
You have a pair of large antennae on your head. (SInv)
Your four strong arms can wield two-handed weapons with a shield.


Message History

You barely miss Edmund.
Edmund is severely wounded.
Edmund hits you with a +1 flail of protection.
You hit Edmund but do no damage.
Edmund is severely wounded.
Edmund hits you but does no damage.
You hit Edmund but do no damage.
Edmund is severely wounded.
Edmund hits you with a +1 flail of protection!
* * * LOW HITPOINT WARNING * * *
You hit Edmund but do no damage.
Edmund is severely wounded.
Edmund hits you with a +1 flail of protection.
* * * LOW HITPOINT WARNING * * *
An endoplasm comes into view.
It was a potion of flight.
You feel very buoyant.
You fly up into the air.
The endoplasm quivers.
Edmund barely misses you.
It was a potion of magic.
Magic courses through your body. Edmund closely misses you.
It was a potion of heal wounds.
You feel much better.
Edmund hits you with a +1 flail of protection.
The worm bites you.
You closely miss Edmund.
Edmund is severely wounded.
Edmund hits you with a +1 flail of protection.
You hit Edmund but do no damage.
Edmund is severely wounded.
The worm barely misses you.
Edmund hits you with a +1 flail of protection!
* * * LOW HITPOINT WARNING * * *
You barely miss Edmund.
Edmund is severely wounded.
Edmund hits you with a +1 flail of protection!
* * * LOW HITPOINT WARNING * * *
Edmund attacks as you move away!
Edmund hits you with a +1 flail of protection!
You die...

.....#
#.................##
#. .....#
#####.......####...#
#. ...... #.#.#.###
#...# #. #...#.#
#...# #. #####.#
#...## ## #.#
#....## #.# #.....#
#.# ######## #@#
##_## #w@.....#
8..$8##.
##J....###.....##.
.....# _....._#.
.....###.....##.
.....+ #8...8##.
.....###.....##.
......#8.....8#.
#.....##.


You could see Edmund, a worm and an endoplasm.

Vanquished Creatures
  A howler monkey (D:3)
  2 jellies (D:4)
  An iguana (D:4)
  An adder (D:2)
  2 gnolls (D:2)
  A worm (D:4)
  A dart slug (D:2)
  6 ball pythons
  2 endoplasms (D:2)
  A giant cockroach (D:3)
  6 goblins
  7 hobgoblins
  11 jackals
  10 kobolds
  A quokka (D:3)
  2 bats (D:1)
  4 frilled lizards (D:1)
  3 rats
62 creatures vanquished.

Vanquished Creatures (others)
  A plant (D:4)
1 creature vanquished.

Grand Total: 63 creatures vanquished

Notes
Turn   | Place    | Note
-------+----------+-------------------------------------------
     0 | D:1      | porpoise the Formicid Artificer began the quest for the
                  | Orb.
     0 | D:1      | Reached XP level 1. HP: 15/15 MP: 1/1
   313 | D:1      | Reached skill level 2 in Fighting
   319 | D:1      | Reached XP level 2. HP: 6/22 MP: 2/2
  1204 | D:2      | Found a faded altar of an unknown god.
  1276 | D:2      | Reached skill level 3 in Fighting
  1276 | D:2      | Reached XP level 3. HP: 29/29 MP: 3/3
  1613 | D:2      | Found Hosaewelu's Book Boutique.
  1805 | D:2      | Reached XP level 4. HP: 37/37 MP: 4/4
  1997 | D:2      | Reached skill level 4 in Fighting
  2630 | D:3      | Reached skill level 1 in Maces & Flails
  3145 | D:3      | Reached XP level 5. HP: 42/43 MP: 5/5
  3348 | D:4      | Reached skill level 5 in Fighting
  3657 | D:4      | Reached XP level 6. HP: 51/51 MP: 6/6
  4169 | D:4      | Found a bloodstained altar of Trog.
  4172 | D:4      | Found a basalt altar of Yredelemnul.
  4175 | D:4      | Found a shimmering altar of Xom.
  4197 | D:4      | Noticed Edmund
  4216 | D:4      | Mangled by Edmund

Illustrated notes

Levels and vault maps discovered:
D:1:      grunt_arrival_lava_bath, layout_basic
D:2:      layout_basic, hellmonk_ecumenical_altar_arch_garden, serial_shops,
          nicolae_shop_advertising_works [nicolae_subvault_shop_adworks]
D:3:      layout_rooms
D:4:      layout_basic, fedhas_altar_4, nicolae_overflow_hidden_temple,
          serial_bayou, serial_bayou_pond_c, serial_bayou_pond_a,
          serial_bayou_shore_b, serial_bayou_lake_a, grunt_ministairs_7,
          kennysheep_minor_cross, minmay_door_square, uniq_edmund

Skill      XL: |  1  2  3  4  5 |
---------------+----------------+-----
Fighting       | 2 3 4 5 |  5.5
Maces & Flails | 1 2 |  2.3
Armour         | |  2.1
Dodging        | |  0.8
Stealth        | |  1.2
Evocations     | |  3.2

Action                   |  1- 3 |  4- 6 || total
-------------------------+-------+-------++-------
Melee: Mace              |   113 |   100 ||   213
       Punch             |     1 |       ||     1
       Whip              |       |    11 ||    11
 Fire: Sling             |       |     8 ||     8
Evoke: Wand              |       |    10 ||    10
  Use: Potion            |       |     4 ||     4
 Stab: Sleeping          |       |     1 ||     1
Armor: Leather armour    |    25 |       ||    25
       Ring mail         |    31 |    42 ||    73
Dodge: Dodged            |    51 |    58 ||   109

Table legend: (Time is in decaauts)
 A = Elapsed time spent in this place.
 B = Non-inter-level travel time spent in this place.
 C = Inter-level travel time spent in this place.
 D = Time resting spent in this place.
 E = Time spent auto-exploring this place.
 F = Levels seen in this place.
 G = Mean time per level.
                   A        B        C        D        E       F      G
               +--------+--------+--------+--------+--------+-----+--------+
         Total |   4316 |   4167 |    149 |   1409 |   1939 |   4 | 1079.0 |
       Dungeon |   4316 |   4167 |    149 |   1409 |   1939 |   4 | 1079.0 |
               +--------+--------+--------+--------+--------+-----+--------+

Top non-repeatable levels by time:
     D:2: 1439 daAuts
     D:1: 1243 daAuts
     D:4: 905 daAuts
     D:3: 727 daAuts
